 Dungeon Crawl Stone Soup version 0.30-a0-570-g486de37d69 (webtiles) character file.

Game seed: 15637432401589817656

119 tilp the Covered (level 5, -3/46 HPs)
             Began as a Meteoran Fighter on Dec 29, 2022.
             Killed from afar by a white imp (8 damage)
             ... with a puff of frost
             ... on level 5 of the Dungeon.
             The game lasted 00:03:13 (621 turns).

tilp the Covered (Meteoran Fighter)                  Turns: 621, Time: 00:03:13

Health: -3/46      AC:  8    Str: 18    XL:     5   Next: 50%
Magic:  6/6        EV: 10    Int:  9    God:
Gold:   84         SH:  5    Dex: 15    Spells: 4/4 levels left

rFire   . . .      SeeInvis .    a - +0 long sword
rCold   . . .      Faith    .    c - +0 buckler
rNeg    . . .      Spirit   .    b - +0 scale mail
rPois   .          Reflect  .    d - +0 helmet
rElec   .          Harm     .    (no cloak)
rCorr   .          Rampage  .    (no gloves)
Will    .....                    (no boots) Stlth
                                 (no amulet)
HPRegen 0.27/turn                (no ring)
MPRegen 0.10/turn                (no ring)

@: glowing
A: sense surroundings 1, otherworldly, glowing, explore regen
a: no special abilities


You were on level 5 of the Dungeon.
You visited 1 branch of the dungeon, and saw 5 of its levels.

You collected 84 gold pieces.

Inventory:

Hand Weapons
 a - a +0 long sword (weapon)
Missiles
 f - 6 poisoned darts (quivered)
 g - 20 stones
 s - 3 boomerangs
Armour
 b - a +0 scale mail (worn)
 c - a +0 buckler (worn)
 d - a +0 helmet (worn)
Scrolls
 e - a scroll of fear {unknown}
 j - a scroll of magic mapping {unknown}
 k - 3 scrolls of blinking {unknown}
 m - a scroll of identify {unknown}
 p - a scroll of vulnerability {unknown}
 q - a scroll of immolation {unknown}
 r - a scroll of butterflies {unknown}
Potions
 h - a potion of flight {unknown}
 i - a potion of brilliance {unknown}
 l - a potion of ambrosia {unknown}
 n - a potion of cancellation {unknown}
 o - a potion of haste {unknown}


   Skills:
 + Level 3.8 Fighting
 + Level 3.2 Long Blades
 - Level 4.0 Armour
 * Level 3.1 Dodging
 + Level 1.1 Stealth
 - Level 4.0 Shields


You had 4 spell levels left.
You didn't know any spells.
Your spell library was empty.

Dungeon Overview and Level Annotations

Branches:
Dungeon (5/15) Zot: 2332
 Temple: D:4-7

Altars:
Dithmenos

Annotations:
D:3 Terence


Innate Abilities, Weirdness & Mutations

You passively map a small area around you.
You are easily found by Zot.
You glow in the dark.
You regain HP and MP as you explore.


Message History

You barely miss the adder.
The adder is almost dead.
You feel sick. The adder barely misses you. The white imp gestures at you.
The puff of frost hits you. The adder bites you but does no damage.
The white imp gestures at you. The puff of frost hits you!
* * * LOW HITPOINT WARNING * * *
You are too injured to fight recklessly!
You are too injured to fight recklessly!
Unknown command.
You slash the adder!
You kill the adder!
You feel sick.
The white imp hits you but does no damage.
You slash the white imp!
The white imp is almost dead.
You feel sick. The white imp gestures at you. You block the puff of frost.
You barely miss the white imp.
The white imp is almost dead.
You feel sick. The white imp hits you.
* * * LOW HITPOINT WARNING * * *
The white imp freezes you.
* * * LOW HITPOINT WARNING * * *
You barely miss the white imp.
The white imp is almost dead.
You feel sick.
You are no longer poisoned.
The white imp hits you but does no damage. x2
You barely miss the white imp.
The white imp is almost dead.
The white imp gestures at you. The puff of frost misses you.
You barely miss the white imp.
The white imp is almost dead.
The white imp gestures at you. The puff of frost hits you!
You die...

* ... , ......#
... ..#.#. , ....
#....#*, * .....
#.#..## , ,,
.....##.#...#, #
,
..<...#.#.#.#..#
*
*#...............
* #..5@..# **
#..###<# * , #.
#.#, ,.. , ... ,
.# * ####.* ,. ,
, .# * * * # _ ,
, ,


You could see a white imp.

Vanquished Creatures
  An orc wizard (D:4)
  Robin (D:4)
  2 adders
  3 dart slugs
  4 orcs (D:4)
  2 bats
  3 endoplasms
  A giant cockroach (D:1)
  8 goblins
  8 hobgoblins
  5 jackals
  2 kobolds (D:4)
  3 quokkas
  3 ball pythons
  A frilled lizard (D:1)
  3 rats
50 creatures vanquished.

Notes
Turn   | Place    | Note
-------+----------+-------------------------------------------
     0 | D:1      | tilp the Meteoran Fighter began the quest for the Orb.
     0 | D:1      | Reached XP level 1. HP: 19/19 MP: 2/2
    62 | D:1      | Reached XP level 2. HP: 26/26 MP: 3/3
    68 | D:1      | Reached skill level 1 in Dodging
   183 | D:2      | Reached XP level 3. HP: 31/31 MP: 4/4
   362 | D:4      | Noticed Robin
   372 | D:4      | Killed Robin
   373 | D:4      | Reached XP level 4. HP: 30/38 MP: 5/5
   407 | D:4      | Found a shadowy altar of Dithmenos.
   472 | D:3      | Noticed Terence
   571 | D:4      | Reached XP level 5. HP: 46/46 MP: 6/6
   580 | D:4      | Reached skill level 1 in Stealth
   606 | D:5      | Entered Level 5 of the Dungeon
   621 | D:5      | Killed from afar by a white imp

Illustrated notes

Levels and vault maps discovered:
D:1:      lordsloth_arrival_two_stooges, layout_basic
D:2:      layout_loops_cross
D:3:      layout_basic, st_stairs_3, uniq_terence
D:4:      layout_loops_ring, old_standard_altar, uniq_robin
D:5:      layout_basic, kb_xom_exploding_sheep, mainiacjoe_overflow_tiny_flanked

Skill      XL: |  1  2  3  4  5 |
---------------+----------------+-----
Dodging        | 1 2 3 |  3.1
Armour         | 4 |  4.0
Long Blades    | 3 |  3.2
Shields        | 4 |  4.0
Stealth        | 1 |  1.1
Fighting       | |  3.8

Action                   |  1- 3 |  4- 6 || total
-------------------------+-------+-------++-------
Melee: Long sword        |    78 |    67 ||   145
  Use: Potion            |     1 |       ||     1
Armor: Scale mail        |    51 |    32 ||    83
Dodge: Dodged            |    38 |    35 ||    73
Block: Buckler           |    33 |    20 ||    53

Table legend: (Time is in decaauts)
 A = Elapsed time spent in this place.
 B = Non-inter-level travel time spent in this place.
 C = Inter-level travel time spent in this place.
 D = Time resting spent in this place.
 E = Time spent auto-exploring this place.
 F = Levels seen in this place.
 G = Mean time per level.
                   A        B        C        D        E       F      G
               +--------+--------+--------+--------+--------+-----+--------+
         Total |    666 |    613 |     53 |      0 |      0 |   5 |  133.2 |
       Dungeon |    666 |    613 |     53 |      0 |      0 |   5 |  133.2 |
               +--------+--------+--------+--------+--------+-----+--------+

Top non-repeatable levels by time:
     D:4: 251 daAuts
     D:1: 193 daAuts
     D:2: 114 daAuts
     D:3: 89 daAuts
     D:5: 18 daAuts
